 Dungeon Crawl Stone Soup version 0.22.1-1-ga44c0e56f4 (webtiles) character file.

5698 Morbidden the Cleaver (level 10, 0/84 HPs)
             Began as a Hill Orc Fighter on Oct 7, 2018.
             Was an Elder of Beogh.
             Slain by a black bear (4 damage)
             ... on level 9 of the Dungeon.
             The game lasted 00:20:10 (7486 turns).

Morbidden the Cleaver (Hill Orc Fighter)            Turns: 7486, Time: 00:20:10

Health: 0/84       AC:  8    Str: 23      XL:     10   Next: 76%
Magic:  0/14       EV:  5    Int:  8      God:    Beogh [****..]
Gold:   380        SH: 10    Dex:  9 (10) Spells: 9/9 levels left

rFire    . . .     SeeInvis .   a - +0 war axe
rCold    . . .     Gourm    .   c - +0 shield
rNeg     + . .     Faith    +   C - +0 plate armour
rPois    .         Spirit   +   z - +0 hat
rElec    .         Reflect  .   P - scarf {Spirit}
rCorr    .         Harm     .   (no gloves)
MR       .....                  (no boots)
Stlth    ..........             B - amulet of faith
HPRegen  0.00/turn              p - ring of positive energy
MPRegen  0.14/turn              (no ring)

@: corroded, slowed, very slow
A: low mp 1, inhibited regeneration, evolution 1, subdued magic 1
a: Smiting, Recall Orcish Followers, Renounce Religion


You were on level 9 of the Dungeon.
You worshipped Beogh.
Beogh was greatly pleased with you.
You were near starving.

You visited 1 branch of the dungeon, and saw 9 of its levels.
You also visited: Sewer and Ossuary.

You collected 380 gold pieces.

Inventory:

Hand Weapons
 a - a +0 war axe (weapon)
Armour
 c - a +0 shield (worn)
 m - a +0 cloak
 z - a +0 hat (worn)
 C - a +0 plate armour (worn)
 P - a scarf of spirit shield (worn)
Jewellery
 p - a ring of positive energy (left hand)
 q - an uncursed ring of fire
 B - an amulet of faith (around neck)
 F - an uncursed amulet of regeneration {unknown}
 M - the amulet of the Air {Inacc +Fly rElec EV+5 RMsl}
   (You found it on level 8 of the Dungeon)

   [amulet of inaccuracy]

   It reduces the accuracy of all your attacks.
   It affects your evasion (+5).
   It insulates you from electricity.
   It lets you fly.
   It protects you from missiles.
Wands
 d - a wand of clouds (6)
 k - a wand of acid (6)
 w - a wand of random effects (19)
 O - a wand of paralysis (19)
 R - a wand of polymorph (18)
Scrolls
 b - 3 scrolls of enchant armour {unknown}
 g - 4 scrolls of remove curse
 i - 7 scrolls of identify
 j - 5 scrolls of teleportation
 l - 3 scrolls of enchant weapon {unknown}
 o - 2 scrolls of fog {unknown}
 r - a scroll of blinking
 v - a scroll of fear
 x - a scroll of random uselessness {unknown}
 y - 2 scrolls of magic mapping {unknown}
 A - a scroll of noise {unknown}
 H - 2 scrolls of torment {unknown}
 L - a scroll of amnesia {unknown}
 Q - a scroll of immolation {unknown}
Potions
 h - a potion of brilliance
 n - 2 potions of flight
 s - a potion of haste
 t - a potion of agility
 u - a potion of invisibility {unknown}
 D - a potion of magic {unknown}
 E - a potion of mutation
 G - a potion of cancellation {unknown}
 I - a potion of might
 J - a potion of heal wounds {unknown}
 K - a potion of ambrosia {unknown}
 N - a potion of berserk rage {unknown}
Comestibles
 f - 11 rations


   Skills:
 + Level 6.8 Fighting
 * Level 14.3 Axes
 + Level 6.5 Armour
 + Level 1.3 Dodging
 + Level 7.0 Shields
 * Level 7.5 Invocations


You had 9 spell levels left.
You didn't know any spells.
Your spell library contained the following spells:

 Spells                   Type           Power        Failure   Level  Hunger
 Corona                   Hex            #......      100%        1    ##.....
 Ensorcelled Hibernation  Hex/Ice        #.....       100%        2    ###....
 Confuse                  Hex            #.......     100%        3    ####...
 Dazzling Spray           Conj/Hex       #.....       100%        3    ####...
 Tukima's Dance           Hex            #.......     100%        3    ####...


Dungeon Overview and Level Annotations

Branches:
Dungeon (9/15)             Temple (0/1) D:5            Lair (0/6) D:9
    Orc: D:9-12

Altars:
Ashenzari
Cheibriados
Gozag
Makhleb
Nemelex Xobeh
Okawaru
Qazlal
Trog
Uskayaw
Vehumet
Wu Jian
Xom
Beogh

Annotations:
D:9 Erica


Innate Abilities, Weirdness & Mutations

Your magical capacity is low. (-10% MP)
You do not regenerate when monsters are visible.
You evolve.
Your spells are a little easier to cast, but a little less powerful.


Message History

Something hits you!
* * * LOW HITPOINT WARNING * * *
Something burns you. You block the black bear's attack.
The black bear claws you but does no damage. x2
Unknown command.
You hear some strange, mumbled words.
You feel as though you will be slow longer.
The black bear bites you but does no damage.
You block the black bear's attack.
The black bear claws you but does no damage.
Found a stone staircase leading up.
Unknown command.
Okay, then.
Unknown command.
Okay, then.
You feel better. The black bear bites you!
* * * LOW HITPOINT WARNING * * *
The black bear claws you but does no damage. x2
The black bear bites you.
You die...

## .. #...).>....... .<.
#............. ...#
#............. ...#
##...>........ .>.
##........... #####.#####
##..######...
<.....?...###..#####...##
.......ho............###
###.....@.##..######..
#..............#
#..........###.....
#.......#### ##..
#.......# #.......#
.........# ##..<....#


You could see a black bear (berserk) and a friendly orc warrior.

Vanquished Creatures
  2 two-headed ogres
  The ghost of izoki the Cleaver, a novice HuBe of Trog (D:5)
  A troll (D:9)
  2 sky beasts
  An orc warrior (D:5)
  2 black bears
  3 ogres
  6 centaurs
  A crocodile (D:9)
  An elf zombie (Ossuary)
  4 bullfrogs
  A scorpion (D:5)
  8 killer bees
  A wight (D:9)
  5 centaur zombies
  A howler monkey (D:7)
  2 crimson imps
  2 quasits
  6 orc priests
  2 hounds
  2 human zombies (Ossuary)
  3 jellies
  A bullfrog skeleton (D:7)
  5 orc wizards
  A centaur skeleton (D:4)
  2 iguanas (D:5)
  2 worker ants
  A killer bee zombie (D:5)
  2 big kobold zombies (Ossuary)
  2 mummies (Ossuary)
  8 adders
  4 gnolls (D:6)
  2 shadow imps (D:6)
  7 oozes
  2 adder skeletons
  4 worms
  3 dart slugs
  4 leopard geckos
  26 orcs
  2 ball pythons
  17 bats
  3 giant cockroaches
  6 goblins
  8 hobgoblins
  4 jackals (Sewer)
  6 kobolds
  2 quokkas
  6 frilled lizards
  5 hobgoblin zombies (Ossuary)
  4 jackal zombies (Ossuary)
  7 kobold zombies (Ossuary)
  13 orc zombies (Ossuary)
  A quokka skeleton (D:4)
  A quokka zombie (D:5)
  5 rats
  A rat zombie (Ossuary)
224 creatures vanquished.

Vanquished Creatures (collateral kills)
  Eustachio (D:6)
  A phantom (D:7)
  An ogre (D:7)
  A bullfrog (D:7)
  3 killer bees (D:7)
  A howler monkey (D:7)
  3 wights (D:9)
  An orc wizard (D:7)
  2 worker ants
  A shadow imp (D:7)
  4 orcs
19 creatures vanquished.

Vanquished Creatures (others)
  An orc warrior (D:7)
  An orc wizard (D:7)
  7 orcs
  A giant cockroach (D:4)
  A plant (D:9)
11 creatures vanquished.

Grand Total: 254 creatures vanquished

Notes
Turn   | Place    | Note
-------+----------+-------------------------------------------
     0 | D:1      | Morbidden the Hill Orc Fighter began the quest for the Orb.
     0 | D:1      | Reached XP level 1. HP: 19/19 MP: 1/1
    41 | D:1      | Reached skill level 3 in Axes
    72 | D:1      | Reached XP level 2. HP: 23/27 MP: 2/2
   158 | D:1      | Found a sparkling altar of Nemelex Xobeh.
   177 | D:1      | Reached skill level 4 in Axes
   216 | D:1      | Reached XP level 3. HP: 32/33 MP: 3/3
   756 | D:2      | Found an iron altar of Okawaru.
   973 | D:2      | Found a faded altar of an unknown god.
  1090 | D:2      | Reached XP level 4. HP: 38/40 MP: 4/4
  1351 | D:2      | Found a radiant altar of Vehumet.
  1356 | D:2      | Found a burning altar of Makhleb.
  1433 | D:3      | Reached skill level 5 in Axes
  1646 | D:3      | Found a bloodstained altar of Trog.
  1730 | D:3      | Reached XP level 5. HP: 42/46 MP: 5/5
  1896 | D:3      | Found a shattered altar of Ashenzari.
  1897 | D:3      | Found a hide-covered altar of Uskayaw.
  2421 | D:4      | Found a snail-covered altar of Cheibriados.
  2424 | D:4      | Found a glowing drain.
  2444 | Sewer    | Entered a sewer
  2672 | Sewer    | Reached skill level 6 in Axes
  3163 | D:4      | Reached XP level 6. HP: 51/52 MP: 6/6
  3208 | D:4      | Became a worshipper of Beogh the Brigand
  3227 | D:4      | Reached skill level 1 in Dodging
  3361 | D:4      | Reached skill level 7 in Axes
  3733 | D:5      | Entered Level 5 of the Dungeon
  3768 | D:5      | Found an opulent altar of Gozag.
  3781 | D:5      | Reached skill level 1 in Invocations
  3809 | D:5      | Found a runed gate.
  3809 | D:5      | Noticed izoki's ghost (novice HuBe)
  3821 | D:5      | Found a staircase to the Ecumenical Temple.
  3844 | D:5      | Reached XP level 7. HP: 60/60 MP: 6/8
  3878 | D:5      | Reached * piety under Beogh
  3878 | D:5      | Reached skill level 8 in Axes
  4025 | D:5      | Reached skill level 9 in Axes
  4026 | D:5      | Reached skill level 5 in Fighting
  4026 | D:5      | Reached XP level 8. HP: 65/68 MP: 10/10
  4051 | D:5      | Found a runed gate.
  4051 | D:5      | Found a runed gate.
  4317 | D:5      | Found a roughly hewn altar of Beogh.
  4356 | D:5      | Killed izoki's ghost
  4356 | D:5      | Reached ** piety under Beogh
  4356 | D:5      | Reached skill level 10 in Axes
  4422 | D:6      | Reached skill level 5 in Shields
  4430 | D:6      | Reached skill level 11 in Axes
  4451 | D:6      | Reached XP level 9. HP: 46/74 MP: 12/12
  4523 | D:6      | Found a sand-covered staircase.
  4537 | Ossuary  | Entered an ossuary
  4609 | Ossuary  | Reached *** piety under Beogh
  4711 | Ossuary  | Reached skill level 5 in Invocations
  4766 | Ossuary  | Reached skill level 5 in Armour
  5219 | D:6      | Noticed Eustachio
  5232 | D:6      | Killed Eustachio
  5232 | D:6      | Reached skill level 12 in Axes
  5442 | D:7      | Reached **** piety under Beogh
  5642 | D:7      | Found an ornate altar of the Wu Jian Council.
  5773 | D:7      | Reached skill level 13 in Axes
  6113 | D:8      | Reached XP level 10. HP: 77/83 MP: 14/14
  6169 | D:8      | Noticed a two-headed ogre
  6181 | D:8      | Killed a two-headed ogre
  6556 | D:8      | Found the amulet of the Air {Inacc +Fly rElec EV+5 RMsl}
  6581 | D:8      | Found a shimmering altar of Xom.
  7079 | D:9      | Noticed a two-headed ogre
  7085 | D:9      | Reached skill level 14 in Axes
  7088 | D:9      | Killed a two-headed ogre
  7361 | D:9      | Found a staircase to the Lair.
  7417 | D:9      | Found a stormy altar of Qazlal.
  7471 | D:9      | Noticed Erica
  7483 | D:9      | Gained mutation: Your magical capacity is low. (-10% MP)
                  | [potion of mutation]
  7483 | D:9      | Gained mutation: Your spells are a little easier to cast,
                  | but a little less powerful. [potion of mutation]
  7483 | D:9      | Gained mutation: You do not regenerate when monsters are
                  | visible. [potion of mutation]
  7483 | D:9      | Gained mutation: You evolve. [potion of mutation]
  7483 | D:9      | HP: 4/84 [black bear (4)]
  7486 | D:9      | Slain by a black bear

Skill      XL: |  1  2  3  4  5  6  7  8  9 10 |
---------------+-------------------------------+-----
Axes           | 3 4 5 6 7 9 11 13 14 | 14.3
Fighting       | 4 5 6 |  6.8
Dodging        | 1 |  1.3
Shields        | 4 5 7 |  7.0
Armour         | 4 5 6 |  6.5
Invocations    | 1 3 4 6 7 |  7.5

Action                   |  1- 3 |  4- 6 |  7- 9 | 10-12 || total
-------------------------+-------+-------+-------+-------++-------
Melee: War axe           |   114 |   228 |   375 |   131 ||   848
Throw: Throwing net      |       |       |       |     1 ||     1
Invok: Convert to Beogh  |       |     1 |       |       ||     1
       Smiting           |       |       |     2 |     5 ||     7
  Use: Scroll            |       |     2 |     8 |       ||    10
       Potion            |       |     1 |     5 |     5 ||    11
 Stab: Distracted        |       |       |     1 |       ||     1
  Eat: Chunk             |       |     6 |     8 |       ||    14
       Ration            |       |     1 |       |     1 ||     2
Armor: Scale mail        |    57 |   145 |       |       ||   202
       Plate armour      |       |    25 |   185 |   114 ||   324
       Skin              |       |       |    28 |       ||    28
Dodge: Dodged            |    40 |   102 |    62 |    40 ||   244
Block: Shield            |    58 |   114 |   166 |   108 ||   446
       Buckler           |       |    17 |       |       ||    17
